 Dungeon Crawl Stone Soup version 0.30-a0-845-g7c6808c8ce (webtiles) character file.

Game seed: 10359052654512146783

114902 Demosthentine the Fighter (level 16, -9/112 (120) HPs)
             Began as a Demonspawn Gladiator on Mar 2, 2023.
             Was the Champion of Hepliaklqana.
             Killed from afar by a will-o-the-wisp (25 damage)
             ... with a foxfire
             ... on level 2 of the Swamp.
             The game lasted 00:32:19 (26638 turns).

Demosthentine the Fighter (Demonspawn Gladiator)   Turns: 26638, Time: 00:32:19

HP:   -9/112 (120)  AC: 17    Str: 22    XL:     16   Next: 17%
MP:   26/26         EV: 25    Int:  6    God:    Hepliaklqana [******]
Gold: 2195          SH:  7    Dex: 26    Spells: 15/15 levels left

rFire   . . .      SeeInvis .    v - +2 demon trident (flame)
rCold   + . .      Faith    .    x - +0 buckler
rNeg    . . .      Spirit   .    F - +3 steam dragon scales
rPois   +          Reflect  .    c - +0 helmet
rElec   .          Rampage  .    m - +0 cloak
rCorr   .                        C - +2 pair of gloves
Will    ++...                    D - +1 pair of boots
Stlth   ++                       L - amulet of the acrobat
HPRegen 0.38/turn                h - ring "Hopt" {rPois Will+ Str+6 Int-3 Dex+4}
MPRegen 0.20/turn                q - ring of protection from cold

@: marked, drained
A: reduced essence, hooves 1, ignite blood 2, demonic magic 2, weakness stinger
1, demonic touch 2
a: Renounce Religion, Recall Ancestor, Ancestor Identity, Transference, Idealise


You were on level 2 of the Swamp.
You worshipped Hepliaklqana.
Hepliaklqana was exalted by your worship.
You visited 4 branches of the dungeon, and saw 25 of its levels.
You visited 1 bazaar.
You also visited: Ice Cave.

You collected 4257 gold pieces.
You spent 2062 gold pieces at shops.

Inventory:

Hand Weapons
 v - a +2 demon trident of flaming (weapon)
Missiles
 d - 7 throwing nets (quivered)
 e - 9 javelins
 j - 6 boomerangs of dispersal
 u - 9 curare-tipped darts
 B - 32 poisoned darts
 M - 5 silver javelins
 T - 9 boomerangs
Armour
 c - a +0 helmet (worn)
 m - a +0 cloak (worn)
 x - a +0 buckler (worn)
 C - a +2 pair of gloves (worn)
 D - a +1 pair of boots (worn)
 F - +3 steam dragon scales (worn)
Jewellery
 h - the ring "Hopt" (left hand) {rPois Will+ Str+6 Int-3 Dex+4}
   (You took it off a hobgoblin on level 2 of the Dungeon)

   [ring of strength]

   Str:       It affects your strength (+6).
   Int:       It affects your intelligence (-3).
   Dex:       It affects your dexterity (+4).
   rPois:     It protects you from poison.
   Will:      It increases your willpower.
 p - a ring of see invisible
 q - a ring of protection from cold (right hand)
 t - a +6 ring of strength
 L - an amulet of the acrobat (around neck)
Wands
 g - a wand of mindburst (3)
 l - a wand of flame (51)
 y - a wand of iceblast (27)
 E - a wand of paralysis (39)
 H - a wand of light (6)
 I - a wand of polymorph (10)
 S - a wand of digging (8)
Scrolls
 b - 4 scrolls of fear
 f - a scroll of amnesia
 s - 5 scrolls of fog
 G - 2 scrolls of magic mapping
 R - 2 scrolls of teleportation
Potions
 a - a potion of magic
 i - 4 potions of mutation
 k - 6 potions of resistance
 n - 8 potions of might
 o - 6 potions of flight
 r - 2 potions of cancellation
 w - 2 potions of heal wounds
 z - 4 potions of invisibility
 A - 13 potions of curing
 N - 8 potions of haste


   Skills:
 + Level 14.8 Fighting
 + Level 13.9 Polearms
 - Level 6.3 Throwing
 - Level 5.4 Armour
 + Level 13.8 Dodging
 - Level 5.6 Shields
 + Level 14.5 Invocations


You had 15 spell levels left.
You didn't know any spells.
Your spell library contained the following spells:

 Spells                   Type           Power      Damage    Failure   Level
 Apportation              Tloc           0%         N/A       54%         1
 Necrotise                Necr           0%         1d4       54%         1
 Summon Small Mammal      Summ           0%         N/A       54%         1
 Call Canine Familiar     Summ           0%         N/A       88%         3
 Portal Projectile        Hex/Tloc       0%         N/A       88%         3
 Summon Guardian Golem    Hex/Summ       0%         N/A       88%         3
 Tukima's Dance           Hex            0%         N/A       88%         3
 Cause Fear               Hex            0%         N/A       99%         4
 Leda's Liquefaction      Hex/Erth       0%         N/A       99%         4
 Olgreb's Toxic Radiance  Pois           0%         N/A       99%         4
 Blade Hands              Tmut           0%         N/A       100%        5
 Freezing Cloud           Conj/Ice/Air   0%         6-21      100%        5
 Simulacrum               Ice/Necr       0%         N/A       100%        6
 Dragon Form              Tmut           0%         N/A       100%        7
 Orb of Destruction       Conj           0%         9d5       100%        7
 Ozocubu's Refrigeration  Ice            0%         4d7       100%        7
 Spellforged Servitor     Conj/Summ      0%         N/A       100%        7
 Ignition                 Fire           0%         3d3       100%        8
 Dragon's Call            Summ           0%         N/A       100%        9
 Polar Vortex             Ice            0%         N/A       100%        9


Dungeon Overview and Level Annotations

Branches:
Dungeon (15/15)            Temple (0/1) D:4            Lair (5/5) D:11
  Swamp (3/4) Lair:3        Snake (0/4) Lair:3        Slime (0/5) Lair:5
    Orc (2/2) D:9             Elf (0/3) Orc:2        Vaults (0/5) D:13
 Depths (0/4) D:15          IceCv (visited)

Altars:
Cheibriados
Gozag
Hepliaklqana
Makhleb
Qazlal
Ru
Trog
Wu Jian
Jiyva

Shops:
Orc:2 :!!

Portals:
Hell: Lair:5

Annotations:
D:1 2 transporters
Lair:5 3 runed translucent doors, loam's ghost, journeyman DsCj


Innate Abilities, Weirdness & Mutations

Your life essence is reduced to manifest your ancestor. (-10% HP)
You have large cloven feet.
Your demonic aura often causes spilled blood to erupt in flames.
Spells you cast may paralyse nearby enemies.
You have a small tail.
Your touch may inflict irresistible damage on your foes.


Message History

The ghost crab misses you.
The ghost crab claws you but does no damage.
The spectral anaconda closely misses you.
The spectral anaconda constricts you.
Unknown command.
You puncture the ghost crab! You burn the ghost crab.
The ghost crab is almost destroyed.
You are engulfed in spectral mist.
* * * LOW HITPOINT WARNING * * *
The spectral fenstrider witch hits you but does no damage.
The spectral fenstrider witch closely misses you.
You block the spectral anaconda's attack.
The spectral anaconda constricts you.
* * * LOW HITPOINT WARNING * * *
The spectral spriggan berserker completely misses you.
Unknown command.
You puncture the ghost crab! You burn the ghost crab.
You destroy the ghost crab!
The spectral fenstrider witch fades away!
The spectral anaconda loses its grip on you.
The spectral anaconda fades away!
The spectral fenstrider witch fades away!
The spectral spriggan berserker fades away!
You are engulfed in spectral mist.
* * * LOW HITPOINT WARNING * * *
A tyrant leech comes into view.
Unknown command.
There is a stone staircase leading up here.
The will-o-the-wisp engulfs you but does no damage.
You climb upwards.
There is a stone staircase leading down here.
You barely miss the will-o-the-wisp.
The will-o-the-wisp gestures.
The will-o-the-wisp conjures some foxfire!
A foxfire comes into view.
You hit the will-o-the-wisp.
The will-o-the-wisp is lightly damaged.
A foxfire comes into view.
The foxfire hits you!!
You die...

~.#.....)~.♣♣♣...~~♣~~♣♣.~~~.~~~~
.#.........♣ ♣♣..~~~♣~♣..§~~~~§.~
..#........♣♣ ♣♣.~..~~~♣~~~...~~.
~........§~~♣ ♣.~~~~♣♣♣♣~~.♣♣.~~
....#♣....~♣♣ ♣§~~§~.♣♣♣§~.♣♣[.♣
...###.....♣ ♣.~...♣♣♣.~~.♣~~~♣
~..# ##....♣ ♣♣§~~♣♣♣ ♣♣~..><..♣
.~[####...♣♣ ♣♣.♣~~♣ ♣♣.~...♣♣
~...##....♣ ♣.v@.♣♣ ♣♣♣..~♣♣.♣♣
..........♣ ♣♣§v♣§~♣♣♣♣..~~♣♣♣♣.♣
..).....~♣♣ ♣..§§...♣~~...♣♣ ♣♣.♣
♣~~....~♣♣ ♣♣.~§♣.....♣♣♣♣♣ ♣.♣.
....~~§♣♣ ♣♣.♣~♣~~♣♣.♣♣ ♣♣R♣
.)♣♣♣♣♣♣ ♣.♣♣♣♣~~♣♣♣♣ ♣♣♣ ..♣ ♣♣♣
♣.♣♣ .♣♣ ♣♣♣ ♣♣


You could see a will-o-the-wisp.

Vanquished Creatures
  A tentacled monstrosity (Swamp:2)
  Frances (D:12)
  Agnes (D:14)
  A thorn hunter (Swamp:2)
  An orc warlord (Orc:1)
  A reaper (IceCv)
  An eleionoma (Swamp:2)
  A dire elephant (Lair:4)
  Snorg (Orc:1)
  A shambling mangrove (Swamp:1)
  A great orb of eyes (D:15)
  3 ogre magi
  6 hydras
  An alligator (shapeshifter) (D:10)
  A catoblepas (D:15)
  A death knight (D:14)
  2 ghost crabs
  4 centaur warriors
  3 boulder beetles
  6 alligators
  4 death yaks (Lair:4)
  8 two-headed ogres
  An orc high priest (Orc:2)
  A skyshark (Lair:4)
  A sun demon (Lair:5)
  A skeletal warrior (D:15)
  2 goliath frogs
  4 spriggan druids
  2 bog bodies
  2 swamp dragons
  3 wizards
  Pikel (D:5)
  10 ugly things
  2 deep elf pyromancers
  4 manticores
  3 orc sorcerers (Orc:2)
  2 cyclopes
  11 elephants
  An ice statue (IceCv)
  5 black mambas
  An orange demon (Lair:5)
  Joseph (D:7)
  A smoke demon (Lair:5)
  9 cane toads
  Maggie (D:6)
  2 kobold demonologists (D:12)
  5 ice devils (IceCv)
  A freezing wraith (D:14)
  3 rime drakes
  An anaconda simulacrum (IceCv)
  A polar bear (Lair:4)
  3 komodo dragons
  2 trolls
  A queen bee (shapeshifter) (D:14)
  3 tyrant leeches
  3 blink frogs (Lair:5)
  A wind drake (shapeshifter) (D:15)
  4 hornets
  10 slime creatures
  3 water elementals (D:14)
  Sigmund (D:5)
  A shadow (D:10)
  3 spriggans
  A vampire (D:12)
  3 wraiths
  The ghost of BigDaddyOpFi the Trooper, an amateur HOFi (D:4)
  4 wyverns
  2 steam dragons
  31 yaks
  Eustachio (D:5)
  7 basilisks
  15 vampire mosquitoes
  Menkaure (D:5)
  A death yak simulacrum (IceCv)
  5 swamp worms
  A warg (Orc:1)
  4 acid dragons
  A harpy simulacrum (IceCv)
  A naga (Lair:3)
  3 hell hounds (Lair:5)
  13 water moccasins
  A hydra simulacrum (IceCv)
  15 orc warriors
  A swamp drake (Swamp:3)
  2 ice beasts
  6 black bears
  7 centaurs
  10 wolves
  5 ogres
  3 kobold brigands
  2 necrophages
  7 bullfrogs
  2 gnoll sergeants
  4 scorpions
  A cane toad simulacrum (IceCv)
  3 wights (D:10)
  A killer bee (D:9)
  An elephant simulacrum (IceCv)
  7 howler monkeys
  An electric eel (D:14)
  A lava snake (D:10)
  6 orc priests
  6 hounds
  2 gnoll boudas (D:8)
  3 jellies
  Jessica (D:2)
  Ijyb (D:2)
  Terence (D:2)
  5 iguanas
  17 orc wizards
  2 polar bear simulacra (IceCv)
  A spriggan simulacrum (IceCv)
  3 hell rats (Lair:4)
  A troll simulacrum (IceCv)
  15 gnolls
  6 adders
  2 white imps (IceCv)
  3 ufetubi
  A worm (D:2)
  3 dart slugs
  34 orcs
  6 endoplasms
  3 giant cockroaches
  10 goblins
  7 hobgoblins
  7 jackals (D:3)
  7 quokkas
  6 ball pythons
  9 bats
  2 frilled lizards
  21 kobolds
  3 rats
536 creatures vanquished.

Vanquished Creatures (collateral kills)
  Nikola (Swamp:3)
  5 hydras
  2 catoblepae
  3 boulder beetles
  2 alligators
  A death knight (D:15)
  A two-headed ogre (D:13)
  An orc high priest (Orc:2)
  A skyshark (Lair:2)
  A skeletal warrior (D:15)
  2 goliath frogs
  A spriggan druid (Swamp:3)
  2 swamp dragons
  A deep elf pyromancer (D:14)
  An orc sorcerer (Orc:2)
  3 ugly things
  An ice statue (IceCv)
  A black mamba (Lair:4)
  4 cane toads
  2 komodo dragons
  A kobold demonologist (D:14)
  A rime drake (Lair:1)
  2 ice devils (Lair:5)
  A polar bear (Lair:3)
  2 hornets (Swamp:1)
  Prince Ribbit (D:7)
  2 tyrant leeches (Swamp:3)
  A blink frog (Lair:5)
  A shadow (D:12)
  3 slime creatures
  A spriggan (Swamp:1)
  A wraith (D:14)
  10 yaks
  A human (shapeshifter) (D:14)
  3 vampire mosquitoes
  A death yak simulacrum (IceCv)
  2 swamp worms
  A naga (Lair:3)
  A hell hound (Lair:5)
  A water moccasin (Lair:4)
  6 orc warriors
  2 black bears
  An ogre (D:8)
  5 centaurs
  A wolf (Lair:3)
  A kobold brigand (D:8)
  A gnoll sergeant (D:9)
  A wight (D:10)
  2 killer bees (D:9)
  An electric eel (D:14)
  2 howler monkeys
  A lava snake (D:10)
  A hound (D:7)
  6 orc priests (Orc:2)
  An iguana (D:7)
  A hell rat (Lair:4)
  8 orc wizards
  A spriggan simulacrum (IceCv)
  2 troll simulacra (IceCv)
  5 gnolls
  A naga simulacrum (IceCv)
  An ufetubus (IceCv)
  14 orcs
  2 hobgoblins (D:8)
  5 kobolds
145 creatures vanquished.

Vanquished Creatures (others)
  A bog body (Swamp:2)
  2 bloated husks
  A centaur simulacrum (D:15)
  A vampire mosquito (Swamp:2)
  2 swamp worms (Swamp:2)
  An orc priest (Orc:2)
  23 battlemagi
  An ancestor (D:5)
  An ufetubus (IceCv)
  A foxfire (Swamp:2)
  8 fungi
  63 plants
  4 toadstools (D:9)
109 creatures vanquished.

Grand Total: 790 creatures vanquished

Notes
Turn   | Place    | Note
-------+----------+-------------------------------------------
     0 | D:1      | Demosthentine the Demonspawn Gladiator began the quest for
                  | the Orb.
     0 | D:1      | Reached XP level 1. HP: 16/16 MP: 1/1
   268 | D:1      | Gained mutation: Your demonic aura sometimes causes spilled
                  | blood to erupt in flames. [demonic ancestry]
   268 | D:1      | Reached XP level 2. HP: 22/22 MP: 2/2
   474 | D:1      | Reached skill level 1 in Armour
   958 | D:2      | Reached XP level 3. HP: 28/28 MP: 3/3
  1010 | D:2      | Identified the ring "Hopt" {rPois Will+ Str+6 Int-3 Dex+4}
  1039 | D:2      | Discovered your monstrous ancestry.
  1039 | D:2      | Gained mutation: Your touch may inflict minor irresistible
                  | damage on your foes. [demonic ancestry]
  1039 | D:2      | Reached XP level 4. HP: 34/34 MP: 4/4
  1174 | D:2      | Noticed Jessica
  1178 | D:2      | Killed Jessica
  1337 | D:2      | Noticed Ijyb
  1343 | D:2      | Killed Ijyb
  1344 | D:2      | Gained mutation: Your demonic aura often causes spilled
                  | blood to erupt in flames. [demonic ancestry]
  1344 | D:2      | Reached XP level 5. HP: 27/41 MP: 5/5
  1475 | D:2      | Noticed Terence
  1479 | D:2      | Killed Terence
  1664 | D:3      | Found a faded altar of an unknown god.
  1771 | D:3      | Gained mutation: You have a small tail. [demonic ancestry]
  1771 | D:3      | Reached XP level 6. HP: 45/47 MP: 6/6
  2340 | D:3      | Found a hazy altar of Hepliaklqana.
  2345 | D:3      | Became a worshipper of Hepliaklqana the Forgotten
  2466 | D:4      | Found a staircase to the Ecumenical Temple.
  2509 | D:4      | Found a runed translucent gate.
  2509 | D:4      | Found a runed translucent gate.
  2510 | D:4      | Found a runed translucent gate.
  2511 | D:4      | Noticed BigDaddyOpFi's ghost (amateur HOFi)
  2952 | D:4      | You fall into a shaft and drop 1 floor!
  2952 | D:5      | Entered Level 5 of the Dungeon
  2962 | D:5      | Noticed Eustachio
  2977 | D:5      | Killed Eustachio
  2978 | D:5      | Reached skill level 1 in Shields
  2978 | D:5      | Reached XP level 7. HP: 53/54 MP: 7/7
  3436 | D:4      | Killed BigDaddyOpFi's ghost
  3437 | D:4      | Reached XP level 8. HP: 32/61 MP: 8/8
  3605 | D:5      | Found an opulent altar of Gozag.
  3610 | D:5      | Reached skill level 5 in Polearms
  3640 | D:5      | Reached * piety under Hepliaklqana
  3704 | D:5      | Noticed Sigmund
  3714 | D:5      | Killed Sigmund
  3715 | D:5      | Reached skill level 5 in Fighting
  3715 | D:5      | Reached skill level 5 in Dodging
  3737 | D:5      | Noticed Pikel
  3743 | D:5      | Killed Pikel
  3832 | D:5      | Found an ornate altar of the Wu Jian Council.
  3838 | D:5      | Noticed Menkaure
  3849 | D:5      | Killed Menkaure
  3850 | D:5      | Gained mutation: Your touch may inflict irresistible damage
                  | on your foes. [demonic ancestry]
  3850 | D:5      | Reached XP level 9. HP: 17/62 MP: 9/9
  4400 | D:6      | Reached skill level 5 in Armour
  4472 | D:6      | Reached ** piety under Hepliaklqana
  4488 | D:6      | Remembered your ancestor Tochtli as a battlemage
  4554 | D:6      | Noticed Maggie
  4562 | D:6      | Killed Maggie
  5070 | D:7      | Noticed Prince Ribbit
  5108 | D:7      | Killed Prince Ribbit
  5109 | D:7      | Reached skill level 5 in Shields
  5257 | D:7      | Reached XP level 10. HP: 71/71 MP: 10/10
  5447 | D:7      | Noticed Joseph
  5455 | D:7      | Killed Joseph
  6118 | D:8      | Reached skill level 1 in Invocations
  6437 | D:8      | Found a snail-covered altar of Cheibriados.
  6438 | D:8      | Found a stormy altar of Qazlal.
  6438 | D:8      | Found a sacrificial altar of Ru.
  6438 | D:8      | Found a burning altar of Makhleb.
  6522 | D:8      | Reached *** piety under Hepliaklqana
  7368 | D:8      | Identified a scroll of acquirement
  7368 | D:8      | Acquired 1119 gold pieces
  7755 | D:9      | Found a staircase to the Orcish Mines.
  8194 | D:10     | Entered Level 10 of the Dungeon
  8273 | D:10     | Reached XP level 11. HP: 68/78 MP: 14/14
  8282 | D:10     | Reached skill level 5 in Invocations
  8283 | D:10     | Found a bloodstained altar of Trog.
  8786 | D:10     | Noticed a two-headed ogre
  8787 | D:10     | Noticed an alligator
  8790 | D:10     | Killed a two-headed ogre
  8792 | D:10     | Killed an alligator
  8904 | D:10     | Reached **** piety under Hepliaklqana
  9257 | D:11     | Found a staircase to the Lair.
  9309 | D:11     | Noticed a centaur warrior
  9316 | D:11     | Killed a centaur warrior
  9871 | D:11     | Identified the +1 sling "Kote" {antimagic, rPois rN+ SInv}
 10084 | D:12     | Noticed Frances
 10110 | D:12     | Killed Frances
 10241 | D:12     | Noticed a cyan ugly thing
 10248 | D:12     | Killed a cyan ugly thing
 10308 | D:12     | Noticed a boulder beetle
 10324 | D:12     | Killed a boulder beetle
 10325 | D:12     | Reached XP level 12. HP: 57/87 MP: 18/18
 10533 | D:12     | Reached skill level 10 in Fighting
 10729 | D:12     | Reached ***** piety under Hepliaklqana
 10902 | D:12     | Identified the +6 great mace of Causality {venom, Str+2
                  | Int+2}
 11492 | D:13     | Noticed a two-headed ogre
 11497 | D:13     | Killed a two-headed ogre
 11560 | D:13     | Noticed a two-headed ogre
 11566 | D:13     | Killed a two-headed ogre
 11567 | D:13     | Reached skill level 10 in Polearms
 11570 | D:13     | Reached skill level 10 in Dodging
 11585 | D:13     | Noticed an ogre mage
 11589 | D:13     | Killed an ogre mage
 11590 | D:13     | Reached skill level 10 in Invocations
 11712 | D:13     | Found a gate to the Vaults.
 11751 | D:13     | Noticed a centaur warrior
 11752 | D:13     | Noticed a two-headed ogre
 11758 | D:13     | Killed a centaur warrior
 11762 | D:13     | Killed a two-headed ogre
 12461 | D:13     | Noticed a boulder beetle
 12470 | D:13     | Killed a boulder beetle
 12853 | D:14     | Noticed a five-headed hydra
 12856 | D:14     | Killed a five-headed hydra
 13042 | D:14     | Gained mutation: Spells you cast may paralyse adjacent
                  | enemies. [demonic ancestry]
 13042 | D:14     | Reached XP level 13. HP: 95/95 MP: 21/21
 13660 | D:14     | Noticed Agnes
 13664 | D:14     | Killed Agnes
 14322 | D:15     | Entered Level 15 of the Dungeon
 15080 | D:15     | Gained mutation: Spells you cast may paralyse nearby
                  | enemies. [demonic ancestry]
 15080 | D:15     | Reached XP level 14. HP: 104/104 MP: 23/23
 15086 | D:15     | Found a staircase to the Depths.
 15857 | Lair:1   | Entered Level 1 of the Lair of Beasts
 16389 | Lair:1   | Reached ****** piety under Hepliaklqana
 18203 | Lair:3   | Found a staircase to the Snake Pit.
 18291 | Lair:3   | Found a staircase to the Swamp.
 18365 | Lair:3   | Identified the +4 plate armour "Ukhiata" {rPois rF+ SInv}
 18745 | Lair:4   | Found a frozen archway.
 18765 | IceCv    | Entered an ice cave
 19097 | IceCv    | Noticed a reaper
 19128 | IceCv    | Killed a reaper
 20173 | Lair:4   | Reached skill level 5 in Throwing
 20578 | Lair:5   | Entered Level 5 of the Lair of Beasts
 20578 | Lair:5   | Found a runed translucent gate.
 20578 | Lair:5   | Found a runed translucent gate.
 20599 | Lair:5   | Gained mutation: You have large cloven feet. [demonic
                  | ancestry]
 20599 | Lair:5   | Reached XP level 15. HP: 108/111 MP: 24/24
 20715 | Lair:5   | Found a staircase to the Slime Pits.
 21305 | Lair:5   | Found a runed translucent gate.
 21305 | Lair:5   | Found a viscous altar of Jiyva.
 21305 | Lair:5   | Noticed an acid blob
 21305 | Lair:5   | Noticed an acid blob
 21305 | Lair:5   | Noticed an acid blob
 21305 | Lair:5   | Noticed loam's ghost (journeyman DsCj)
 21305 | Lair:5   | Noticed an azure jelly
 21305 | Lair:5   | Noticed an acid blob
 21305 | Lair:5   | Noticed an acid blob
 21305 | Lair:5   | Noticed an azure jelly
 21306 | Lair:5   | Noticed an azure jelly
 21533 | Lair:5   | Found a burning altar of Makhleb.
 21887 | Lair:5   | Found a gateway to Hell.
 22127 | Orc:1    | Entered Level 1 of the Orcish Mines
 22294 | Orc:1    | Noticed Snorg
 22302 | Orc:1    | Killed Snorg
 22578 | Orc:2    | Entered Level 2 of the Orcish Mines
 22598 | Orc:2    | Found a flickering gateway to a bazaar.
 22607 | Bazaar   | Entered a bazaar
 22741 | Bazaar   | Found Cumuil's Assorted Antiques.
 22745 | Bazaar   | Bought a scroll of teleportation for 57 gold pieces
 22745 | Bazaar   | Bought a glowing trident for 123 gold pieces
 22746 | Bazaar   | Found Zyarule's Magic Scroll Boutique.
 22746 | Bazaar   | Found Lipliemi's Weapon Boutique.
 22747 | Bazaar   | Found Pul Wiab's Distillery.
 22757 | Bazaar   | Bought a scroll of blinking for 52 gold pieces
 22757 | Bazaar   | Bought a scroll of enchant armour for 52 gold pieces
 22762 | Bazaar   | Bought a potion of might for 76 gold pieces
 22762 | Bazaar   | Bought a potion of heal wounds for 95 gold pieces
 22762 | Bazaar   | Bought a potion of might for 76 gold pieces
 22762 | Bazaar   | Bought a potion of curing for 57 gold pieces
 22762 | Bazaar   | Bought a potion of curing for 57 gold pieces
 22762 | Bazaar   | Bought a potion of curing for 57 gold pieces
 22762 | Bazaar   | Bought a potion of resistance for 190 gold pieces
 22762 | Bazaar   | Bought a potion of mutation for 152 gold pieces
 22777 | Bazaar   | Bought 4 boomerangs of dispersal for 240 gold pieces
 22916 | Orc:2    | Found a staircase to the Elven Halls.
 23520 | Orc:2    | Found Goqantoufe's Distillery.
 23520 | Orc:2    | Found Qief's Weapon Boutique.
 23520 | Orc:2    | Found Tivoih's Distillery.
 23660 | Orc:2    | Found Baimaasa's Book Shop.
 23663 | Orc:2    | Bought a potion of haste for 140 gold pieces
 23663 | Orc:2    | Bought a potion of mutation for 112 gold pieces
 23663 | Orc:2    | Bought a potion of curing for 42 gold pieces
 23663 | Orc:2    | Bought a potion of curing for 42 gold pieces
 23663 | Orc:2    | Bought a potion of curing for 42 gold pieces
 23665 | Orc:2    | Bought a potion of haste for 160 gold pieces
 23665 | Orc:2    | Bought a potion of heal wounds for 80 gold pieces
 23665 | Orc:2    | Bought a potion of resistance for 160 gold pieces
 23996 | Swamp:1  | Entered Level 1 of the Swamp
 25606 | Swamp:2  | Upgraded the game from 0.30-a0-840-ga523dec638 to
                  | 0.30-a0-845-g7c6808c8ce
 25606 | Swamp:2  | Noticed a tentacled monstrosity
 25660 | Swamp:2  | Noticed a thorn hunter
 25679 | Swamp:2  | Killed a thorn hunter
 25956 | Swamp:2  | Killed a tentacled monstrosity
 25965 | Swamp:2  | Reached XP level 16. HP: 81/120 MP: 26/26
 26387 | Swamp:3  | Noticed Nikola
 26397 | Swamp:3  | Killed Nikola
 26638 | Swamp:2  | Killed from afar by a will-o-the-wisp

Illustrated notes

Levels and vault maps discovered:
D:1:      spicycebolla_arrival_transporter_tutorial, layout_basic
D:2:      kennysheep_the_goblin_king, layout_basic, uniq_jessica, uniq_terence
D:3:      layout_loops_ring, nicolae_hepliaklqana_hippocampus,
          ebering_ecumenical_altar_rust, kennysheep_generic_room_9
D:4:      layout_gridville, minmay_temple_entry_slanted,
          gammafunk_ghost_nasty_kobolds
D:5:      layout_basic, grunt_gozag_breadcrumbs, mainiacjoe_overflow_boulevard,
          uniq_pikel, uniq_sigmund, uniq_eustachio, uniq_menkaure
D:6:      layout_loops_ring, uniq_maggie
D:7:      layout_basic, minmay_quadrilaterals, uniq_joseph, uniq_prince_ribbit1
D:8:      kennysheep_housing_project, layout_layer_cave,
          grunt_temple_overflow_open
D:9:      layout_loops_ring, orc_0_dummy, minmay_gold_behind_fungi
D:10:     layout_loops_ring, nicolae_overflow_two_pavilions
D:11:     layout_gridville, minmay_lair_entry_grove, minmay_tree_intersection
D:12:     layout_basic, uniq_frances
D:13:     layout_basic, david_vaults_2, hangedman_abyss_or_decor_clamps
D:14:     layout_basic, minmay_misc_feat_plants, grunt_tough_drop, uniq_agnes
D:15:     gammafunk_enter_depths_forms, layout_cross, nicolae_figureground_pulse
Lair:1:   layout_cave_pods
Lair:2:   hellmonk_ruined_rings, layout_loops_ring, lemuel_old_faithful
Lair:3:   layout_regular_city, swamp_mist_pool, guppyfry_snake_entry_garden,
          beast_lair_carwin_5
Lair:4:   layout_hall_layers, portal_ice_cave_entry_pillars_1,
          nicolae_lair_grazing_beasts [nicolae_sub_lair_graze_edge,
          nicolae_sub_lair_graze_edge, nicolae_sub_lair_graze_edge,
          nicolae_sub_lair_graze_edge], serial_bayou_shore_b
Lair:5:   evil_forest, layout_gridlike, slime_entry_1, gammafunk_ghost_ooze
Swamp:1:  layout_basic_swamp, evilmike_swamp_ruin_rubble_1,
          infiniplex_staircase_pool_2
Swamp:2:  layout_falls_marsh, nicolae_swamp_rocky_clearing
Swamp:3:  layout_falls_marsh, nicolae_swamp_tree_isthmus,
          infiniplex_staircase_pool, uniq_nikola
Orc:1:    layout_diamond_mine, uniq_snorg
Orc:2:    st_orc_mages, layout_diamond_mine, serial_shops, freezing_bzr

Skill      XL: |  1  2  3  4  5  6  7  8  9 10 11 12 13 14 15 |
---------------+----------------------------------------------+-----
Polearms       | 3 4 5 6 8 9 10 11 12 13 | 13.9
Dodging        | 3 4 5 6 7 9 10 11 12 13 | 13.8
Armour         | 1 2 3 4 5 |  5.4
Fighting       | 3 4 5 7 8 9 11 12 13 14 | 14.8
Shields        | 1 2 3 5 |  5.6
Invocations    | 4 8 10 12 13 14 | 14.5
Throwing       | 5 6 |  6.3

Action                     |  1- 3 |  4- 6 |  7- 9 | 10-12 | 13-15 | 16-18 || total
---------------------------+-------+-------+-------+-------+-------+-------++-------
  Melee: Trident           |    77 |    71 |       |       |       |       ||   148
         Punch             |     2 |       |     2 |       |       |       ||     4
         Touch             |       |     9 |    15 |     6 |       |       ||    30
         Demon trident     |       |    15 |   141 |   427 |  1023 |    63 ||  1669
         Tailslap          |       |     2 |    15 |    61 |   157 |     8 ||   243
  Throw: Throwing net      |       |       |       |     4 |       |       ||     4
 Invoke: Ancestor Identity |       |       |     1 |       |       |       ||     1
         Ancestor Life: Ba |       |       |     1 |       |       |       ||     1
         Recall Ancestor   |       |       |       |     2 |       |       ||     2
         Idealise          |       |       |       |       |     1 |       ||     1
    Use: Scroll            |     1 |     7 |     7 |    10 |    13 |       ||    38
         Potion            |       |       |     1 |       |     5 |       ||     6
   Stab: Sleeping          |     1 |     8 |     8 |     4 |     1 |       ||    22
         Distracted        |       |       |     2 |     5 |    19 |     1 ||    27
         Held in net/web   |       |       |       |     1 |       |       ||     1
 Armour: Leather armour    |    20 |    10 |    15 |       |       |       ||    45
         Steam dragon scal |       |       |     4 |    63 |   164 |    20 ||   251
  Dodge: Dodged            |    39 |    43 |    72 |   248 |   614 |    46 ||  1062
  Block: Buckler           |       |       |       |    89 |   215 |    17 ||   321

Table legend: (Time is in decaauts)
 A = Elapsed time spent in this place.
 B = Non-inter-level travel time spent in this place.
 C = Inter-level travel time spent in this place.
 D = Time resting spent in this place.
 E = Time spent auto-exploring this place.
 F = Levels seen in this place.
 G = Mean time per level.
                   A        B        C        D        E       F      G
               +--------+--------+--------+--------+--------+-----+--------+
         Total |  26460 |  25179 |   1281 |   1280 |  20116 |  27 |  980.0 |
       Dungeon |  16130 |  15195 |    935 |    416 |  12609 |  15 | 1075.3 |
          Lair |   5163 |   4905 |    258 |    223 |   3933 |   5 | 1032.6 |
         Swamp |   2379 |   2346 |     33 |    130 |   1848 |   3 |  793.0 |
  Orcish Mines |   1521 |   1467 |     54 |      0 |   1215 |   2 |  760.5 |
        Bazaar |    179 |    179 |      0 |      0 |    159 |   1 |  179.0 |
      Ice Cave |   1086 |   1086 |      0 |    511 |    352 |   1 | 1086.0 |
               +--------+--------+--------+--------+--------+-----+--------+

Top non-repeatable levels by time:
    D:13: 1802 daAuts
    D:14: 1540 daAuts
     D:8: 1497 daAuts
  Lair:5: 1350 daAuts
 Swamp:1: 1332 daAuts
    D:15: 1314 daAuts
  Lair:3: 1228 daAuts
    D:11: 1122 daAuts
  Lair:1: 1094 daAuts
   IceCv: 1086 daAuts
    D:12: 1060 daAuts
     D:4: 1020 daAuts
     D:7: 1015 daAuts
     D:1: 961 daAuts
   Orc:2: 935 daAuts
